 Dungeon Crawl Stone Soup version 0.27-a0-1228-gfd60fd639a (webtiles) character file.

Game seed: 3692658086019916196

258712 rjrrt the Severer (level 19, -6/155 HPs)
             Began as a Demonspawn Berserker on June 4, 2021.
             Was the Champion of Trog.
             Mangled by a vault warden
             ... wielding a +0 battleaxe
              (16 damage)
             ... while paralysed by a dread lich
             ... on level 1 of the Vaults on June 7, 2021.
             The game lasted 01:30:30 (45176 turns).

rjrrt the Severer (Demonspawn Berserker)           Turns: 45176, Time: 01:30:30

Health: -6/155     AC: 36    Str: 28    XL:     19   Next: 13%
Magic:  19/19      EV:  2    Int: 10    God:    Trog [******]
Gold:   4691       SH:  0    Dex: 15    Spells: 18/18 levels left

rFire    + . .     SeeInvis +   a - +10 war axe "Tyely" {flame, rC+ SInv Stlth+}
rCold    + + +     Faith    .   C - +2 kite shield {AC+3}
rNeg     + . .     Spirit   .   Z - +4 plate armour {rF+}
rPois    +         Reflect  +   e - +2 helmet {SInv}
rElec    .         Harm     .   n - +0 cloak
rCorr    +         Rampage  .   M - +1 pair of gloves {Str+3}
Will     +....                  (boots unavailable)
Stlth    ..........             g - amulet of reflection
HPRegen  0.35/turn              y - +4 ring of slaying
MPRegen  0.32/turn              D - ring of Ife Zopif {Drain rPois rC++ rN+ Dex+3}

@: paralysed
A: hooves 3, yellow scales 3, ignite blood 1, augmentation 1, magic regeneration
}: 2/15 runes: barnacled, gossamer
a: Renounce Religion, Berserk, Trog's Hand, Brothers in Arms


You were on level 1 of the Vaults.
You worshipped Trog.
Trog was exalted by your worship.
You visited 6 branches of the dungeon, and saw 32 of its levels.
You also visited: Bailey, Gauntlet and Ice Cave.

You collected 5069 gold pieces.
You spent 378 gold pieces at shops.

Inventory:

Hand Weapons
 a - the +10 war axe "Tyely" (weapon) {flame, rC+ SInv Stlth+}
   (Trog gifted it to you in a bailey)

   It has been specially enchanted to burn those struck by it, causing extra
   injury to most foes and up to half again as much damage against particularly
   susceptible opponents.
   Big, fiery blades are also staple armaments of hydra-hunters.
   It protects you from cold.
   It lets you see invisible.
   It makes you more stealthy.
 b - the +2 demon trident of the Oracle {drain, rElec}
   (You found it on level 6 of the Lair of Beasts)

   A truly terrible weapon, it drains the life of those it strikes.
   It insulates you from electricity.
 m - a +4 antimagic broad axe
 r - a +3 antimagic broad axe
 v - a +3 vampiric hand axe
Missiles
 i - 123 boomerangs (quivered)
 G - 13 javelins
 K - 5 boomerangs of dispersal
 L - 6 silver javelins
 T - 9 throwing nets
Armour
 e - a +2 helmet of see invisible (worn)
 n - a +0 cloak (worn)
 C - a +2 kite shield of protection (worn)
 M - a +1 pair of gloves of strength (worn)
 Z - a +4 plate armour of fire resistance (worn)
Jewellery
 g - an amulet of reflection (around neck)
 y - a +4 ring of slaying (left hand)
 A - the amulet of the Air {Inacc Air Fly rElec RMsl}
   (You found it on level 7 of the Dungeon)

   [amulet of nothing]

   It insulates you from electricity.
   It grants you flight.
   It protects you from missiles.
 D - the ring of Ife Zopif (right hand) {Drain rPois rC++ rN+ Dex+3}
   (You acquired it on level 9 of the Dungeon)

   [ring of positive energy]

   It affects your dexterity (+3).
   It greatly protects you from cold.
   It protects you from poison.
   It protects you from negative energy.
   It drains your maximum health when unequipped.
Wands
 j - a wand of flame (97)
 s - a wand of digging (14)
 B - a wand of mindburst (18)
 E - a wand of acid (20)
 F - a wand of iceblast (21)
 J - a wand of charming (24)
 O - a wand of polymorph (36)
 X - a wand of paralysis (4)
Scrolls
 h - 24 scrolls of teleportation
 t - 4 scrolls of fear
 w - 6 scrolls of fog
 Q - 22 scrolls of identify
 S - a scroll of enchant weapon
 V - a scroll of silence
 W - 2 scrolls of blinking
 Y - 2 scrolls of summoning
Potions
 c - 4 potions of cancellation
 d - 11 potions of curing
 f - 6 potions of might
 k - 5 potions of lignification
 o - a potion of magic
 p - 4 potions of invisibility
 q - 2 potions of heal wounds
 u - 5 potions of flight
 x - 3 potions of haste
 z - 3 potions of mutation
 I - 5 potions of ambrosia
 R - 4 potions of attraction
Miscellaneous
 l - a phantom mirror
 N - a tin of tremorstones (2/2)
 U - a phantom mirror


   Skills:
 + Level 15.3 Fighting
 + Level 18.6 Axes
 - Level 2.0 Throwing
 + Level 15.9 Armour
 + Level 12.0 Dodging
 * Level 8.9 Shields
 - Level 10.0 Evocations


You had 18 spell levels left.
You didn't know any spells.
Your spell library was empty.

Dungeon Overview and Level Annotations

Branches:
Dungeon (15/15)            Temple (0/1) D:6            Lair (6/6) D:11
 Shoals (4/4) Lair:3       Spider (4/4) Lair:3        Slime (0/5) Lair:6
    Orc (2/2) D:9             Elf (0/3) Orc:2        Vaults (1/5) D:14
 Depths (0/5) D:15         Bailey (visited)           IceCv (visited)
Gauntlet (visited)

Altars:
Dithmenos
Elyvilon
Fedhas
Hepliaklqana
Nemelex Xobeh
Ru
Sif Muna
Trog
Xom
Yredelemnul

Shops:
D:6 ([[??   D:7 *   D:10 [   D:14 :   Orc:1 :   Orc:2 (*=(

Annotations:
D:11 2 transporters, Ekaitz's ghost, journeyman DEEE
Lair:1 exclusion: oklob plant
Shoals:1 3 runed translucent doors, Neecofel's ghost, adept GnDe


Innate Abilities, Weirdness & Mutations

You have hooves in place of feet.
You are completely covered in yellow scales. (AC +4, rCorr)
Your demonic aura sometimes causes spilled blood to erupt in flames.
Your magical and physical power is slightly enhanced at high health.
You regenerate magic rapidly.


Message History

You slice the dread lich!! You burn the dread lich. You kick the dread lich.
The dread lich is almost destroyed.
You slice the deep troll!! You burn the deep troll.
You kill the deep troll!
Trog accepts your kill.
You slash the vault warden! You burn the vault warden.
You hit the Hell Sentinel but do no damage.
The dread lich completely misses you.
The yaktaur shoots a bolt.
The bolt barely misses the dread lich.
You reflect the bolt off an invisible shield around you!
The bolt hits the Hell Sentinel.
You block the vault warden's attack.
The Hell Sentinel hits you but does no damage. x2
You hit the dread lich but do no damage.
Your kick misses the dread lich.
The dread lich is almost destroyed.
You hit the Hell Sentinel but do no damage.
You hit the vault warden. You burn the vault warden.
The runic seal fades away.
The dread lich gestures at you while chanting.
You suddenly lose the ability to move!
The yaktaur shoots a bolt.
The bolt hits the dread lich!!
The dread lich is destroyed!
The green death disappears in a puff of smoke!
The Hell Sentinel disappears in a puff of smoke!
Your Dodging skill increases to level 12!
The vault warden activates a sealing rune.
The yaktaur shoots a bolt.
The bolt hits you!
* * * LOW HITPOINT WARNING * * *
The vault warden barely misses you.
The yaktaur shoots a bolt.
The bolt hits you.
* * * LOW HITPOINT WARNING * * *
The vault warden hits you but does no damage.
The yaktaur shoots a bolt.
The bolt hits you!
* * * LOW HITPOINT WARNING * * *
The vault warden hits you but does no damage.
The vault warden hits you with a +0 battleaxe!
* * * LOW HITPOINT WARNING * * *
The yaktaur unwields a +0 arbalest.
The yaktaur hits you but does no damage.
The vault warden hits you with a +0 battleaxe!
You die...

...............[...........##....
........................=..###...
.########..........).......# ##..
.#......#..................# ###
.#......#..########........#
.#......+..#......+........#
.#......#..#......#........#
.#......#..#....p.#........#
.#......'..#...c@°#........#
.#......#..#...○)[#........#
.#......#..#......#........#
.#......#..#......#....).).#
.#......#..########....))).######
.######'#..............))..#.....
...........................'.###.
...........................#.#O#.
.......########............#.###.


You could see a vault warden and a yaktaur.

Vanquished Creatures
  Nikola (Vaults:1)
  Frances (D:13)
  Polyphemus (Shoals:2)
  Kirke (D:13)
  2 krakens
  Donald (Shoals:1)
  Aizul (Shoals:1)
  A ghost moth (Spider:4)
  2 emperor scorpions (Spider:4)
  A reaper (Gauntlet)
  2 ironbound preservers (Vaults:1)
  2 very ugly things (IceCv)
  A minotaur (Gauntlet)
  6 entropy weavers
  A dire elephant (Lair:6)
  2 spark wasps (Spider:4)
  An ettin (Orc:2)
  9 merfolk impalers
  2 yaktaur captains (Vaults:1)
  A fire dragon (D:11)
  2 ironbound thunderhulks (Vaults:1)
  8 hydras
  Harold (Lair:1)
  2 ice dragons (D:15)
  An ironbound frostheart (Vaults:1)
  4 merfolk avatars
  4 centaur warriors
  6 two-headed ogres
  4 merfolk aquamancers (Shoals:4)
  A satyr (Shoals:4)
  2 catoblepae
  3 alligator snapping turtles
  A tengu warrior (D:14)
  18 death yaks
  A deep troll shaman (Lair:6)
  A deep elf knight (D:14)
  14 sea snakes
  A goliath frog (Shoals:3)
  An obsidian statue (D:15)
  5 deep trolls (Vaults:1)
  4 ironbound convokers (Vaults:1)
  2 wizards
  25 harpies
  A lindwurm (Lair:6)
  An orange crystal statue (Shoals:3)
  A necromancer (Vaults:1)
  15 orb spiders
  3 orc knights
  2 deep elf pyromancers (D:13)
  An oklob plant (Lair:4)
  16 ugly things
  3 moths of wrath
  36 wolf spiders
  22 fauns
  2 slime creatures (D:12)
  21 elephants
  11 manticores
  12 cyclopes
  7 merfolk sirens
  8 water nymphs
  7 black mambas
  15 cane toads
  5 ice statues (IceCv)
  2 torpor snails
  An unseen horror (D:12)
  7 yaktaurs
  2 anaconda simulacra (IceCv)
  8 komodo dragons
  11 demonic crawlers
  8 rime drakes
  2 golden dragon simulacra (IceCv)
  A hellwing (Gauntlet)
  4 meliai
  33 jumping spiders
  4 polar bears
  3 harpy zombies (Shoals:4)
  4 trolls
  A wind drake (shapeshifter) (D:14)
  8 wind drakes
  45 merfolk
  15 blink frogs
  A wolf spider simulacrum (D:12)
  A raiju (Gauntlet)
  10 hornets
  10 snapping turtles
  A vampire (D:12)
  Sigmund (D:2)
  2 shadows (D:13)
  A centaur simulacrum (D:15)
  76 redbacks
  47 yaks
  4 wraiths
  A tarantella (shapeshifter) (D:12)
  4 wyverns
  8 basilisks
  26 tarantellas
  12 water elementals
  A dire elephant simulacrum (IceCv)
  20 humans (D:14)
  14 steam dragons
  5 wargs
  Menkaure (D:7)
  8 vampire mosquitoes
  An iron troll simulacrum (IceCv)
  15 water moccasins
  An acid dragon (D:12)
  Duvessa (D:7)
  3 hydra simulacra (IceCv)
  50 orc warriors
  7 ice beasts
  2 sky beasts (D:6)
  10 wolves
  5 black bears
  2 manticore zombies (Shoals:4)
  A necrophage (D:4)
  A tengu (shapeshifter) (Gauntlet)
  18 centaurs
  A wolf (shapeshifter) (D:15)
  7 ogres
  8 bullfrogs
  A kobold brigand (D:7)
  2 gnoll sergeants
  2 scorpions
  Dowan (D:7)
  A water moccasin zombie (D:6)
  A hornet simulacrum (D:15)
  10 killer bees
  6 wights
  6 howler monkeys
  3 jellies
  4 electric eels
  7 centaur zombies
  2 hounds (D:5)
  3 centaur skeletons
  16 orc priests
  A bullfrog skeleton (D:7)
  4 iguanas
  28 orc wizards
  A killer bee zombie (D:7)
  A hound zombie (D:5)
  A howler monkey zombie (D:9)
  9 adders
  8 gnolls
  A white imp (D:7)
  An ufetubus (D:5)
  2 adder skeletons
  12 dart slugs
  76 orcs
  3 bats
  5 endoplasms
  4 giant cockroaches
  8 goblins
  8 hobgoblins
  3 jackals (D:5)
  8 kobolds
  6 quokkas
  9 ball pythons
  4 frilled lizards
  4 rats
  4 tentacles
1161 creatures vanquished.

Vanquished Creatures (collateral kills)
  A ghost moth (Spider:4)
  An entropy weaver (Spider:1)
  A satyr (Shoals:3)
  A catoblepas (Lair:6)
  An alligator snapping turtle (Shoals:3)
  A sea snake (Shoals:3)
  An orc knight (Orc:2)
  A wolf spider (Spider:1)
  2 fauns (Shoals:3)
  A centaur zombie (D:11)
  Psyche (D:9)
  A komodo dragon (D:11)
  A hellwing (Gauntlet)
  2 jumping spiders
  A jumping spider (shapeshifter) (Gauntlet)
  A wind drake (Shoals:3)
  A hornet (Spider:1)
  A tarantella (Spider:3)
  4 redbacks
  A wyvern (D:11)
  A basilisk (D:11)
  A yak (Spider:1)
  6 orc warriors (Orc:2)
  2 orc wizards (Orc:2)
  A shadow imp (Gauntlet)
  4 orcs (Orc:2)
40 creatures vanquished.

Vanquished Creatures (others)
  A dread lich (Vaults:1)
  An elephant (Lair:3)
  A rime drake (Lair:3)
  An orc wizard (Orc:2)
  37 fungi
  273 plants
  4 tentacles
  A withered plant (D:13)
319 creatures vanquished.

Grand Total: 1520 creatures vanquished

Notes
Turn   | Place    | Note
-------+----------+-------------------------------------------
     0 | D:1      | rjrrt the Demonspawn Berserker began the quest for the Orb.
     0 | D:1      | Reached XP level 1. HP: 18/18 MP: 1/1
    20 | D:1      | Found a faded altar of an unknown god.
   134 | D:1      | Reached skill level 3 in Axes
   299 | D:1      | Gained mutation: You are partially covered in yellow
                  | scales. (AC +2) [demonic ancestry]
   299 | D:1      | Reached XP level 2. HP: 22/24 MP: 2/2
   690 | D:1      | Reached ** piety under Trog
   837 | D:2      | Reached XP level 3. HP: 29/29 MP: 3/3
   938 | D:2      | Reached skill level 4 in Axes
  1301 | D:2      | Noticed Sigmund
  1308 | D:2      | Killed Sigmund
  1309 | D:2      | Reached skill level 5 in Axes
  1309 | D:2      | Gained mutation: You are mostly covered in yellow scales.
                  | (AC +3) [demonic ancestry]
  1309 | D:2      | Reached XP level 4. HP: 35/35 MP: 4/4
  1309 | D:2      | Reached XP level 5. HP: 41/41 MP: 5/5
  1309 | D:2      | You fall into a shaft and drop 1 floor!
  1438 | D:3      | Found a blossoming altar of Fedhas.
  1576 | D:3      | Reached skill level 6 in Axes
  1994 | D:3      | Gained mutation: You have large cloven feet. [demonic
                  | ancestry]
  1994 | D:3      | Reached XP level 6. HP: 47/47 MP: 6/6
  2086 | D:3      | Reached *** piety under Trog
  2832 | D:4      | Reached skill level 7 in Axes
  2928 | D:4      | Gained mutation: You have hoof-like feet. [demonic
                  | ancestry]
  2928 | D:4      | Reached XP level 7. HP: 52/52 MP: 7/7
  3332 | D:4      | Reached skill level 8 in Axes
  3673 | D:5      | Entered Level 5 of the Dungeon
  3721 | D:5      | Found a sparkling altar of Nemelex Xobeh.
  3721 | D:5      | Found a basalt altar of Yredelemnul.
  3990 | D:5      | Reached **** piety under Trog
  3991 | D:5      | Gained mutation: You regenerate magic rapidly. [demonic
                  | ancestry]
  3991 | D:5      | Reached XP level 8. HP: 59/59 MP: 8/8
  4320 | D:6      | Reached skill level 9 in Axes
  4417 | D:6      | Found a staircase to the Ecumenical Temple.
  4691 | D:6      | Found Riothysenk's Magic Scroll Shoppe.
  4738 | D:6      | Bought a scroll of fear for 45 gold pieces
  4738 | D:6      | Bought 2 scrolls of fog for 52 gold pieces
  4738 | D:6      | Bought a scroll of identify for 26 gold pieces
  4907 | D:6      | Found Purimuix's Magic Scroll Emporium.
  4909 | D:6      | Found Dofyto's Antique Armour Shop.
  4915 | D:6      | Bought a scroll of blinking for 90 gold pieces
  4952 | D:6      | Reached skill level 5 in Fighting
  4975 | D:6      | Found Noqoir's Weapon Shop.
  5022 | D:6      | Reached XP level 9. HP: 65/68 MP: 9/9
  5141 | D:6      | Found Ydoqik's Armour Boutique.
  5145 | D:6      | Bought a +1 helmet of see invisible for 165 gold pieces
  5202 | D:6      | Found a bloodstained altar of Trog.
  5400 | D:7      | Reached skill level 10 in Axes
  5404 | D:7      | Reached skill level 1 in Evocations
  5404 | D:7      | Noticed Duvessa
  5408 | D:7      | Noticed Dowan
  5415 | D:7      | Killed Duvessa
  5423 | D:7      | Killed Dowan
  5508 | D:7      | Found Bolun's Serpentskin Sales.
  5591 | D:7      | Reached ***** piety under Trog
  5670 | D:7      | Found the amulet of the Air {Inacc Fly rElec EV+5 RMsl}
  5706 | D:7      | Found a shadowy altar of Dithmenos.
  5717 | D:7      | Reached skill level 5 in Armour
  5950 | D:7      | Noticed Menkaure
  5956 | D:7      | Killed Menkaure
  6136 | D:8      | Found a shimmering altar of Xom.
  6136 | D:8      | Found a shimmering altar of Xom.
  6138 | D:8      | Found a shimmering altar of Xom.
  6140 | D:8      | Found a shimmering altar of Xom.
  6727 | D:8      | Reached XP level 10. HP: 77/77 MP: 10/10
  6812 | D:9      | Noticed a two-headed ogre
  6825 | D:9      | Killed a two-headed ogre
  6826 | D:9      | Reached skill level 11 in Axes
  6936 | D:9      | Found a staircase to the Orcish Mines.
  7157 | D:9      | Found a sacrificial altar of Ru.
  7246 | D:9      | Identified a scroll of acquirement
  7246 | D:9      | Acquired the ring of Ife Zopif {Drain rPois rC++ rN+ Dex+3}
  7429 | D:9      | Reached skill level 1 in Throwing
  7583 | D:9      | Noticed Psyche
  7587 | D:9      | Killed Psyche
  7830 | D:10     | Entered Level 10 of the Dungeon
  8168 | D:10     | Found Textuny's Antique Armour Emporium.
  8335 | D:10     | Reached XP level 11. HP: 85/85 MP: 11/11
  8575 | D:10     | Found a hazy altar of Hepliaklqana.
  8657 | D:10     | Reached skill level 12 in Axes
  8796 | D:11     | Found a transporter.
  8800 | D:11     | Noticed a tengu warrior
  8802 | D:11     | Noticed Ekaitz's ghost (journeyman DEEE)
  8802 | D:11     | Noticed a two-headed ogre
  8803 | D:11     | Found a bloodstained altar of Trog.
  8803 | D:11     | Found a transporter.
  8845 | D:11     | Noticed a two-headed ogre
  9052 | D:11     | Noticed a fire dragon
  9067 | D:11     | Killed a fire dragon
  9204 | D:11     | Received a gift from Trog
  9478 | D:11     | Noticed a two-headed ogre
  9486 | D:11     | Killed a two-headed ogre
  9583 | D:11     | Noticed a two-headed ogre
  9592 | D:11     | Killed a two-headed ogre
  9593 | D:11     | Reached skill level 5 in Evocations
  9873 | D:11     | Noticed an eight-headed hydra
  9883 | D:11     | Killed an eight-headed hydra
 10214 | D:11     | Found a staircase to the Lair.
 10403 | Lair:1   | Entered Level 1 of the Lair of Beasts
 10475 | Lair:1   | Noticed Harold
 10503 | Lair:1   | Killed Harold
 10504 | Lair:1   | Reached skill level 13 in Axes
 10583 | Lair:1   | Found a gate leading to a gauntlet.
 10597 | Lair:1   | Reached XP level 12. HP: 95/95 MP: 12/12
 10617 | Gauntlet | Entered a Gauntlet
 10617 | Gauntlet | Found a transporter.
 10617 | Gauntlet | Found a transporter.
 10622 | Gauntlet | Found a transporter.
 10630 | Gauntlet | Found a transporter.
 10680 | Gauntlet | Found a transporter.
 10700 | Gauntlet | Found a transporter.
 10717 | Gauntlet | Found a transporter.
 10722 | Gauntlet | Noticed a reaper
 10738 | Gauntlet | Found a transporter.
 10819 | Gauntlet | Found a transporter.
 10828 | Gauntlet | Found a transporter.
 10842 | Gauntlet | Found a transporter.
 10855 | Gauntlet | Found a transporter.
 10875 | Gauntlet | Noticed a hell hog
 10971 | Gauntlet | Identified the ring of Funousk {rElec rN+ Int+3}
 11048 | Gauntlet | Found a transporter.
 11074 | Gauntlet | Killed a reaper
 11376 | Gauntlet | Found a transporter.
 11441 | Gauntlet | Identified the +1 buckler "Abbuv" {Int+3 Slay+2}
 11441 | Gauntlet | Noticed a minotaur
 11468 | Gauntlet | Killed a minotaur
 11623 | Gauntlet | Identified the +8 dire flail of Ogiok {pain, Will+}
 11640 | Gauntlet | Identified the Compendium of the Dislocated Arsonist
 11642 | Gauntlet | Identified the Disquisition on Hexes
 11642 | Gauntlet | Identified the +3 short sword of the Muttering Goat {drain,
                  | +Rage Will++ Str+4 Dex-2}
 11856 | Lair:1   | Reached skill level 1 in Shields
 11981 | Lair:1   | Acquired 1128 gold pieces
 12676 | Lair:2   | Noticed a six-headed hydra
 12693 | Lair:2   | Killed a six-headed hydra
 13921 | Lair:3   | Reached skill level 14 in Axes
 13987 | Lair:3   | Found a staircase to the Shoals.
 14035 | Lair:3   | Reached skill level 10 in Fighting
 14052 | Lair:3   | Found a hole to the Spider Nest.
 14128 | Lair:3   | Noticed an eight-headed hydra
 14136 | Lair:3   | Killed an eight-headed hydra
 14137 | Lair:3   | Reached XP level 13. HP: 86/103 MP: 13/13
 16333 | Lair:5   | Reached skill level 5 in Dodging
 16459 | Lair:5   | Acquired a manual of Armour
 17354 | Lair:6   | Entered Level 6 of the Lair of Beasts
 17407 | Lair:6   | Reached skill level 10 in Armour
 17412 | Lair:6   | Reached skill level 15 in Axes
 17447 | Lair:6   | Reached XP level 14. HP: 111/111 MP: 14/14
 17516 | Lair:6   | Identified the ring of Zenu {Drain Fly rCorr Dex+2}
 18434 | Lair:6   | Found a staircase to the Slime Pits.
 18608 | Lair:6   | Received a gift from Trog
 18791 | Lair:6   | Identified the +2 demon trident of the Oracle {drain,
                  | rElec}
 19329 | Orc:1    | Entered Level 1 of the Orcish Mines
 19499 | Orc:1    | Upgraded the game from 0.27-a0-1202-ge72e49191c to
                  | 0.27-a0-1228-gfd60fd639a
 19511 | Orc:2    | Entered Level 2 of the Orcish Mines
 19780 | Orc:2    | Received a gift from Trog
 19873 | Orc:1    | Found Zinuciz's Book Boutique.
 20082 | Orc:1    | Found a shimmering blue altar of Sif Muna.
 20662 | Orc:2    | Found a staircase to the Elven Halls.
 20662 | Orc:2    | Noticed Sonja
 20686 | Orc:2    | Noticed Sonja
 20686 | Orc:2    | Sonja changed into Sonja the meliai
 20689 | Orc:2    | Killed Sonja the meliai
 20897 | Orc:2    | Found Vutinami's Jewellery Shoppe.
 20897 | Orc:2    | Found Ipnuits's Assorted Antiques.
 20899 | Orc:2    | Found Raer's Weapon Boutique.
 20901 | Orc:2    | Found Gaypah's Antique Weapon Emporium.
 21410 | D:12     | Gained mutation: Your demonic aura sometimes causes spilled
                  | blood to erupt in flames. [demonic ancestry]
 21410 | D:12     | Reached XP level 15. HP: 113/120 MP: 15/15
 21413 | D:12     | Received a gift from Trog
 21510 | D:12     | Reached skill level 16 in Axes
 21875 | D:12     | Identified the +4 hand axe of the Apocalypse {freeze,
                  | Str+5}
 22315 | D:12     | Identified the +4 ring mail "Esiwin" {rF+ Str-3 Dex+7}
 23095 | D:13     | Identified the +0 leather armour "Num Luel" {Str+2}
 23103 | D:13     | Noticed Frances
 23121 | D:13     | Killed Frances
 23199 | D:13     | Noticed Kirke
 23212 | D:13     | Killed Kirke
 23799 | D:14     | Found a flagged portal.
 23858 | D:14     | Found Mykhlesu's Book Shoppe.
 23864 | Bailey   | Entered a bailey
 23872 | Bailey   | Identified the +10 war axe "Tyely" {flame, rC+ SInv Stlth+}
                  | (Trog gifted it to you in a bailey)
 23872 | Bailey   | Received a gift from Trog
 24150 | Bailey   | Identified the +1 pair of gloves "Unonteew" {Int+5}
 24998 | D:14     | Found a gate to the Vaults.
 25040 | D:14     | Identified the Almanac of Shifting Ice
 25110 | D:14     | Received a gift from Trog
 25503 | D:15     | Entered Level 15 of the Dungeon
 25525 | D:15     | Found a hazy altar of Hepliaklqana.
 25841 | D:15     | Found a staircase to the Depths.
 26882 | Spider:1 | Entered Level 1 of the Spider Nest
 26965 | Spider:1 | Found a frozen archway.
 26995 | Spider:1 | Reached XP level 16. HP: 63/129 MP: 16/16
 27322 | IceCv    | Entered an ice cave
 27772 | IceCv    | Received a gift from Trog
 27955 | IceCv    | Reached skill level 17 in Axes
 27955 | IceCv    | Reached skill level 10 in Evocations
 28104 | Spider:1 | Identified the +4 hunting sling "Boobb" {vorpal, Int+4}
 28927 | Spider:2 | You fall into a shaft and drop 1 floor!
 29074 | Spider:3 | Received a gift from Trog
 30751 | Spider:3 | Received a gift from Trog
 31222 | Spider:4 | Entered Level 4 of the Spider Nest
 31627 | Spider:4 | Gained mutation: You have hooves in place of feet. [demonic
                  | ancestry]
 31627 | Spider:4 | Reached XP level 17. HP: 125/137 MP: 17/17
 31724 | Spider:4 | Reached skill level 10 in Dodging
 32769 | Spider:4 | HP: 2/138 [poisoned by a ghost moth]
 33653 | Spider:4 | Got a gossamer rune of Zot
 33858 | Shoals:1 | Entered Level 1 of the Shoals
 34311 | Shoals:1 | Reached skill level 15 in Armour
 34891 | Shoals:1 | Noticed Aizul
 34895 | Shoals:1 | Reached ****** piety under Trog
 34897 | Shoals:1 | Found a runed translucent gate.
 34903 | Shoals:1 | Killed Aizul
 35000 | Shoals:1 | Found a runed translucent gate.
 35000 | Shoals:1 | Found a runed translucent gate.
 35001 | Shoals:1 | Noticed Neecofel's ghost (adept GnDe)
 35044 | Shoals:1 | Received a gift from Trog
 35060 | Shoals:1 | Reached skill level 18 in Axes
 35580 | Shoals:1 | Noticed Donald
 35603 | Shoals:1 | Killed Donald
 37063 | Shoals:2 | Reached skill level 5 in Shields
 37150 | Shoals:2 | Noticed Polyphemus
 37151 | Shoals:2 | Gained mutation: You are completely covered in yellow
                  | scales. (AC +4, rCorr) [demonic ancestry]
 37151 | Shoals:2 | Reached XP level 18. HP: 134/147 MP: 18/18
 37166 | Shoals:2 | Killed Polyphemus
 37855 | Shoals:2 | Identified the +0 hat "Yrhet" {Int+4}
 38231 | Shoals:3 | Received a gift from Trog
 38771 | Shoals:3 | HP: 9/220 [satyr/arrow (22)]
 39278 | Shoals:3 | Found a transporter.
 39300 | Shoals:3 | Found a transporter.
 39957 | Shoals:3 | Identified Enkal's Guide on Shifting Bewitchment
 40124 | Shoals:4 | Entered Level 4 of the Shoals
 40464 | Shoals:3 | HP: 7/148 [poisoned by a merfolk impaler]
 41702 | Shoals:4 | Received a gift from Trog
 42159 | Shoals:3 | HP: 6/148 [drowned by a water nymph (7)]
 42599 | Shoals:4 | Reached skill level 15 in Fighting
 43974 | Shoals:4 | Got a barnacled rune of Zot
 44612 | Vaults:1 | Entered Level 1 of the Vaults
 44985 | Vaults:1 | Noticed Nikola
 44999 | Vaults:1 | Killed Nikola
 45012 | Vaults:1 | Received a gift from Trog
 45013 | Vaults:1 | Gained mutation: Your magical and physical power is
                  | slightly enhanced at high health. [demonic ancestry]
 45013 | Vaults:1 | Reached XP level 19. HP: 118/155 MP: 19/19
 45159 | Vaults:1 | Noticed a dread lich
 45160 | Vaults:1 | Paralysed by a dread lich for 4 turns
 45170 | Vaults:1 | Paralysed by a dread lich for 7 turns
 45170 | Vaults:1 | Killed a dread lich
 45176 | Vaults:1 | Mangled by a vault warden

Illustrated notes

Levels and vault maps discovered:
D:1:      giann_forest_graveyard, layout_rooms,
          shapermc_ecumenical_altar_starsandcircs, minmay_hedge_maze
D:2:      layout_loops_ring, uniq_sigmund
D:3:      kennysheep_slugbush, layout_basic, fedhas_ov_isle_minmay,
          elyvilon_altar_5, minmay_misc_feat_square, minmay_misc_feat_alley,
          chequers_serial_rivers_large_a
D:4:      layout_gridville, amcnicky_mini_rare_corridor_liquid,
          kennysheep_crisscross, minmay_goblin_kobold_house
D:5:      layout_gridville, gammafunk_temple_overflow_pools
D:6:      layout_basic, marbit_many_paths, minmay_temple_entry_wispy,
          serial_shops, shop, nicolae_shop_stone, shop,
          nicolae_shop_behind_doors, nicolae_shop_crystal, minmay_fountain_box
D:7:      layout_gridville, grunt_dithmenos_smoke, guppyfry_shop_venom,
          uniq_menkaure, uniq_duvessa
D:8:      layout_loops_ring, xom_redecorated, chequers_serial_rivers_room_b
D:9:      layout_long_grid, kennysheep_mini, david_orc_1_choice, uniq_psyche
D:10:     layout_stronghold, lemuel_coloured_pillars_altar, serial_shops,
          nicolae_shop_crystal, serial_bayou_pond_e
D:11:     layout_loops_corners, erik_lair_dragon,
          gammafunk_ghost_wrathful_warriors
D:12:     layout_layer_cave, serial_bayou_ford_a, hangedman_weighted_door
D:13:     layout_loops_ring, argonaut_gorgonesque, uniq_kirke, uniq_frances
D:14:     layout_basic, grunt_vaults_entry_tiered, enter_bailey_5,
          serial_bayou_shore_a, serial_corexii_hall, corexii_hall_statues_s,
          corexii_hall_statues_x, serial_shops, shop_statue
D:15:     grunt_enter_depths_hoard, layout_basic,
          nicolae_hepliaklqana_hazy_memory, minivault_16
Lair:1:   dpeg_oklob_gauntlet, layout_cave_shapes, gauntlet_entry_generic,
          uniq_harold
Lair:2:   dpeg_oklob_shooting_range, layout_cave_pods,
          infiniplex_staircase_pool, lemuel_fruit_tree, grunt_megastairs_3
Lair:3:   layout_cave_pods, minmay_shoals_entry_centaurs, dummy_spider_entry,
          bobbens_dragon_lair_wall
Lair:4:   layout_roguey
Lair:5:   layout_hall_layers, beast_lair_carwin_3, grunt_megastairs_1
Lair:6:   grunt_lair_end_beastmaster, layout_loops_ring,
          dpeg_slime_entry_corner, serial_bayou_shore_b, serial_bayou_shore_b
Shoals:1: layout_shoals, gammafunk_ghost_tricky_traps, st_cyclops, uniq_donald,
          uniq_aizul
Shoals:2: layout_shoals, uniq_polyphemus
Shoals:3: gammafunk_sealed_arena, layout_shoals, nzn_prometheus_bound
Shoals:4: shoals_end_grunt_garden, layout_shoals, nicolae_shoals_undead_eyrie
Spider:1: layout_spider_delve, portal_ice_cave_entry_pillars_1,
          hangedman_spider_tarantella_strand
Spider:2: layout_spider_delve, guppyfry_spider_mini_2
Spider:3: layout_spider_delve
Spider:4: grunt_spider_rune_parallel
Orc:1:    layout_caves, serial_shops, shop_statue, kennysheep_orc_sif_temple
Orc:2:    st_orc_rangers, layout_caves, uniq_sonja
Vaults:1: nicolae_vaults_specimen_jars, v_misc_14, hangedman_vaults_river_flow,
          nicolae_vaults_diagonal_hallway_8, nicolae_vaults_angled_halls,
          v_rooms_1, nicolae_vaults_ring_of_whatevers,
          nicolae_vaults_angled_halls, v_misc_31, vaults_room_corners,
          ontoclasm_vaults_decontamination, hangedman_vaults_stitches,
          vaults_room_pool, layout_vaults_big_room, uniq_nikola

Skill      XL: |  1  2  3  4  5  6  7  8  9 10 11 12 13 14 15 16 17 18 19 |
---------------+----------------------------------------------------------+-----
Axes           | 3 5 6 7 8 9 10 11 13 14 15 16 17 18 | 18.6
Armour         | 2 4 5 6 7 9 10 11 12 14 15 | 15.9
Fighting       | 5 6 7 9 10 11 12 13 14 15 | 15.3
Evocations     | 3 4 6 8 9 10 | 10.0
Throwing       | 1 2 |  2.0
Dodging        | 3 5 7 8 9 11 12 | 12.0
Shields        | 3 4 5 8 |  8.9

Action                   |  1- 3 |  4- 6 |  7- 9 | 10-12 | 13-15 | 16-18 | 19-21 || total
-------------------------+-------+-------+-------+-------+-------+-------+-------++-------
Melee: Hand axe          |    92 |    96 |   305 |   500 |  1288 |       |       ||  2281
       Kick              |       |    15 |   107 |   219 |   117 |   335 |     5 ||   798
       Whip              |       |       |       |    15 |    16 |       |       ||    31
       War axe           |       |       |       |       |   176 |  1275 |     9 ||  1460
       Demon trident     |       |       |       |       |    47 |    33 |       ||    80
Throw: Boomerang         |       |     5 |       |       |       |     4 |       ||     9
       Dart              |       |     7 |       |       |       |       |       ||     7
Invok: Berserk           |     4 |     2 |     4 |    10 |     6 |     5 |       ||    31
       Brothers in Arms  |       |       |       |     4 |     6 |     8 |       ||    18
       Trog's Hand       |       |       |       |       |     2 |     3 |       ||     5
Evoke: Wand              |       |       |       |     4 |    21 |    13 |       ||    38
  Use: Scroll            |       |     4 |     7 |    10 |    10 |     5 |       ||    36
       Potion            |       |       |       |       |       |     6 |       ||     6
 Stab: Distracted        |       |       |       |     1 |       |     1 |       ||     2
       Petrified         |       |       |       |       |     5 |       |       ||     5
       Sleeping          |       |       |       |       |     1 |     2 |       ||     3
Armor: Animal skin       |    12 |       |       |       |       |       |       ||    12
       Ring mail         |    18 |     8 |       |       |       |       |       ||    26
       Plate armour      |       |    27 |   161 |   191 |       |   461 |    24 ||   864
       Quicksilver drago |       |       |       |    56 |   555 |   413 |       ||  1024
Dodge: Dodged            |    48 |    29 |    62 |   162 |   573 |   858 |     6 ||  1738
       Repelled          |       |       |       |       |       |    11 |       ||    11
Block: Other             |    10 |    21 |    67 |    61 |       |       |       ||   159
       Reflection        |     1 |     4 |     4 |     4 |    67 |     8 |     3 ||    91
       Buckler           |       |       |       |    58 |   674 |   346 |       ||  1078
       Kite shield       |       |       |       |       |       |   566 |    14 ||   580

Table legend: (Time is in decaauts)
 A = Elapsed time spent in this place.
 B = Non-inter-level travel time spent in this place.
 C = Inter-level travel time spent in this place.
 D = Time resting spent in this place.
 E = Time spent auto-exploring this place.
 F = Levels seen in this place.
 G = Mean time per level.
                   A        B        C        D        E       F      G
               +--------+--------+--------+--------+--------+-----+--------+
         Total |  44510 |  42175 |   2335 |  10314 |  22570 |  35 | 1271.7 |
       Dungeon |  15906 |  14580 |   1326 |   1102 |  10737 |  15 | 1060.4 |
          Lair |   7980 |   7486 |    494 |   1058 |   4665 |   6 | 1330.0 |
        Shoals |  10161 |   9919 |    242 |   4699 |   3508 |   4 | 2540.2 |
   Spider Nest |   6122 |   5938 |    184 |   2142 |   2379 |   4 | 1530.5 |
  Orcish Mines |   1682 |   1596 |     86 |    138 |    966 |   2 |  841.0 |
        Vaults |    554 |    554 |      0 |     93 |    314 |   1 |  554.0 |
        Bailey |    378 |    378 |      0 |    216 |      0 |   1 |  378.0 |
      Ice Cave |    679 |    679 |      0 |    400 |      0 |   1 |  679.0 |
      Gauntlet |   1043 |   1043 |      0 |    464 |      0 |   1 | 1043.0 |
               +--------+--------+--------+--------+--------+-----+--------+

Top non-repeatable levels by time:
Shoals:3: 3889 daAuts
Spider:4: 2481 daAuts
Shoals:2: 2105 daAuts
Shoals:1: 2085 daAuts
Shoals:4: 2081 daAuts
  Lair:3: 2052 daAuts
    D:11: 1886 daAuts
  Lair:6: 1590 daAuts
Spider:2: 1459 daAuts
    D:14: 1426 daAuts
  Lair:2: 1347 daAuts
    D:13: 1340 daAuts
     D:9: 1230 daAuts
    D:12: 1195 daAuts
Spider:1: 1128 daAuts
